 Dungeon Crawl Stone Soup version 0.18-a0-1797-gc18daef (webtiles) character file.

403 epen the Insei (level 6, -4/43 HPs)
             Began as an Octopode Monk on Apr 22, 2016.
             Slain by an ice beast (11 damage)
             ... on level 4 of the Dungeon.
             The game lasted 00:04:48 (2986 turns).

epen the Insei (Octopode Monk)                      Turns: 2986, Time: 00:04:49

Health: -4/43      AC:  1    Str: 10    XL:     6   Next: 86%
Magic:  0/6        EV: 16    Int: 12    God:
Gold:   178        SH:  0    Dex: 21    Spells: 0 memorised, 5 levels left

rFire  + . .     SeeInvis .       - Unarmed
rCold  . . .     Gourm    .     (no shield)
rNeg   . . .     Faith    .     (helmet restricted)
rPois  .         Spirit   +     d - amulet of guardian spirit
rElec  .         Dismiss  .     (no ring)
rCorr  .         Reflect  .     n - +4 ring of dexterity
SustAt .         Harm     .     h - ring of protection from fire
MR     .....                    (no ring)
Stlth  ++++......               (no ring)
                                (no ring)
                                (no ring)
                                (no ring)

@: not resistant to hostile enchantments, stealthy
A: almost no armour, amphibious, 8 rings, constrict 8, camouflage 1, gelatinous
body 1
a: no special abilities


You were on level 4 of the Dungeon.
You were hungry.

You visited 1 branch of the dungeon, and saw 4 of its levels.

You collected 178 gold pieces.

Inventory:

Jewellery
 d - an amulet of guardian spirit (around mantle)
 g - an uncursed ring of fire
 h - a ring of protection from fire (on tentacle)
 n - a +4 ring of dexterity (right tentacle)
 p - an uncursed amulet of dismissal
Scrolls
 i - a scroll of enchant weapon {unknown}
 l - a scroll of identify
 o - a scroll of enchant armour
Potions
 c - a potion of invisibility {unknown}
 e - a potion of might {unknown}
 f - 3 potions of degeneration {unknown}
 j - 2 potions of curing {unknown}
 k - 3 potions of flight
 m - a potion of lignification {unknown}
 t - a potion of haste {unknown}
Comestibles
 a - 3 bread rations
 b - 2 fruits


   Skills:
 + Level 4.1 Fighting
 * Level 4.9 Dodging
 + Level 4.3 Stealth
 * Level 5.7 Unarmed Combat


You had 5 spell levels left.
You didn't know any spells.

Dungeon Overview and Level Annotations

Branches:
Dungeon (4/15)
 Temple: D:4-7

Altars:
Dithmenos
Pakellas
Qazlal
Ru
Sif Muna


Innate Abilities, Weirdness & Mutations

You cannot wear most types of armour.
You are amphibious.
You can wear up to eight rings at the same time.
You can use your tentacles to constrict eight enemies at once.
Your skin changes colour to match your surroundings (Stealth).
Your rubbery body absorbs attacks (AC +1).


Message History

You bludgeon the ice beast!
You squeeze the ice beast, but do no damage.
The ice beast is severely wounded.
You closely miss the ice beast. Your squeeze misses the ice beast.
The ice beast is severely wounded.
The ice beast barely misses you.
You tentacle-slap the ice beast but do no damage.
You squeeze the ice beast, but do no damage.
The ice beast is severely wounded.
The ice beast hits you. The ice beast freezes you!
* * * LOW HITPOINT WARNING * * *
You barely miss the ice beast.
The ice beast is severely wounded.
The ice beast barely misses you.
You closely miss the ice beast.
The ice beast is severely wounded.
The ice beast hits you.
* * * LOW HITPOINT WARNING * * *
The ice beast freezes you!
You die...

.................###'####.######
.###..........†..<...........>.#
.).#....###.....†..#####.......#
##.†##..##..#.###...## ##......#
###.###.........##...## #.######
.........####...##....###.####
###.###.## ##..##..#........#
#.# #.# #...#..##)......# #.#
#o# ##Y@#..##.......# #.. #o#
#.......######## ### o.#
#....##... ..# #....... #..###..
#### ###.. .


You could see an ice beast.

Vanquished Creatures
  The ghost of macross the Sneak, a weakling SpAs of Dithmenos (D:3)
  A giant frog skeleton (D:3)
  5 hounds
  An orc priest (D:4)
  An orc wizard (D:4)
  A worker ant (D:4)
  2 adders (D:3)
  An adder skeleton (D:4)
  4 dart slugs
  A worm (D:3)
  A giant gecko (D:1)
  6 orcs
  2 ball pythons (D:1)
  8 giant cockroaches
  8 goblins
  10 hobgoblins
  9 jackals
  4 bats
  A giant gecko skeleton (D:4)
  3 giant newts
  A jackal skeleton (D:4)
  5 kobolds
  2 rats
78 creatures vanquished.

Notes
Turn   | Place    | Note
--------------------------------------------------------------
     0 | D:1      | epen the Octopode Monk began the quest for the Orb.
     0 | D:1      | Reached XP level 1. HP: 16/16 MP: 1/1
   141 | D:1      | Reached XP level 2. HP: 15/21 MP: 2/2
   651 | D:2      | Reached XP level 3. HP: 26/26 MP: 3/3
   813 | D:2      | Found an oddly glowing altar of Pakellas.
   882 | D:2      | Found a sacrificial altar of Ru.
  1221 | D:3      | Reached XP level 4. HP: 19/31 MP: 4/4
  1551 | D:3      | Noticed macross's ghost (weakling SpAs)
  1581 | D:3      | Killed macross's ghost
  1581 | D:3      | Reached skill level 5 in Unarmed Combat
  1581 | D:3      | Reached XP level 5. HP: 15/36 MP: 5/5
  2000 | D:3      | Found a deep blue altar of Sif Muna.
  2351 | D:4      | Reached XP level 6. HP: 38/43 MP: 4/6
  2744 | D:4      | Found a stormy altar of Qazlal.
  2895 | D:4      | Found a shadowy altar of Dithmenos.
  2964 | D:4      | Noticed an ice beast
  2986 | D:4      | Slain by an ice beast

Vault maps used:
D:1:      dpeg_arrival_orchard
D:2:      nicolae_overflow_crystal_walls, grunt_pakellas_mercury
D:3:      led_sif_pool
D:4:      kennysheep_little_box, old_standard_altar

Skill      XL: |  1  2  3  4  5  6 |
---------------+-------------------+-----
Stealth        | 3 4 |  4.3
Dodging        | 4 |  4.9
Unarmed Combat | 5 |  5.7
Fighting       | 4 |  4.1

Action                   |  1- 3 |  4- 6 || total
-------------------------+-------+-------++-------
Melee: Unarmed           |    71 |   124 ||   195
       Constrict         |    25 |    30 ||    55
       Tentacles         |    10 |    28 ||    38
       Punch             |     3 |     3 ||     6
  Use: Scroll            |       |     6 ||     6
 Stab: Sleeping          |    11 |    12 ||    23
       Distracted        |       |     2 ||     2
  Eat: Chunk             |     1 |     5 ||     6
Armor: Skin              |     9 |     3 ||    12
Dodge: Dodged            |    37 |    72 ||   109
